 Dungeon Crawl Stone Soup version 0.18.1-48-g4cf74bf (webtiles) character file.

1888 BabyRage the Conjurer (level 9, -8/68 HPs)
             Began as a Naga Wizard on Aug 23, 2016.
             Was an Initiate of Ashenzari.
             Mangled by Crag's ghost (16 damage)
             ... on level 6 of the Dungeon on Aug 30, 2016.
             The game lasted 00:31:16 (8975 turns).

BabyRage the Conjurer (Naga Wizard)                 Turns: 8975, Time: 00:31:17

Health: -8/68      AC:  7    Str: 10    XL:     9   Next: 15%
Magic:  14/16      EV:  9    Int: 25    God:    Ashenzari [......]
Gold:   353        SH:  0    Dex: 10    Spells: 5 memorised, 7 levels left

rFire  . . .     SeeInvis +     f - staff of conjuration (curse)
rCold  . . .     Gourm    .     a - +0 robe
rNeg   + . .     Faith    .     (no shield)
rPois  +         Spirit   .     b - +0 hat
rElec  +         Dismiss  .     i - +1 cloak
rCorr  .         Reflect  .     (no gloves)
SustAt .         Harm     .     (no barding)
MR     +....                    (no amulet)
Stlth  ++........               u - +6 ring of intelligence (curse)
                                l - ring of positive energy

@: repel missiles, very slow, somewhat resistant to hostile enchantments,
unstealthy
A: icy blue scales 1, see invisible, deformed body, dopey 1, frail 1, poison
resistance, electricity resistance, slowness 2, slow metabolism 1, spit poison
2, MP-powered wands, AC +3
a: Spit Poison, Curse Item, Renounce Religion


You were on level 6 of the Dungeon.
You worshipped Ashenzari.
Ashenzari was noncommittal.
You were not hungry.

You visited 2 branches of the dungeon, and saw 7 of its levels.
You also visited: Sewer.

You collected 353 gold pieces.

Inventory:

Armour
 a - a +0 robe (worn)
 b - a +0 hat (worn)
 i - a +1 cloak (worn)
 v - a +0 cloak of invisibility
Magical Staves
 f - a cursed staff of conjuration (weapon)
Jewellery
 e - an uncursed ring of stealth
 l - a ring of positive energy (left hand)
 u - a cursed +6 ring of intelligence (right hand)
Scrolls
 j - 4 scrolls of fear
 n - a scroll of teleportation {unknown}
 q - a scroll of recharging
Potions
 g - a potion of might
 k - 2 potions of magic
 m - a potion of flight
 o - 2 potions of agility {unknown}
 p - a potion of cure mutation {unknown}
 r - a potion of cancellation {unknown}
 t - 2 potions of haste
Books
 c - a book of Minor Magic

   Spells                             Type                      Level
   a - Magic Dart                     Conjuration                  1
   b - Blink                          Translocation                2
   c - Call Imp                       Summoning                    2
   d - Repel Missiles                 Charms/Air                   2
   e - Slow                           Hexes                        2
   f - Conjure Flame                  Conjuration/Fire             3
   g - Mephitic Cloud                 Conjuration/Poison/Air       3
Comestibles
 d - 4 bread rations
 h - 7 fruits
 s - a meat ration


   Skills:
 + Level 3.5 Fighting
 + Level 1.5 Dodging
 - Level 3.0 Stealth
 - Level 5.0 Spellcasting
 - Level 5.2 Conjurations
   Level 1.0 Summonings
 - Level 1.0 Translocations
 - Level 5.0 Fire Magic
 - Level 5.0 Air Magic
 - Level 5.2 Poison Magic


You had 7 spell levels left.
You knew the following spells:

 Your Spells              Type           Power        Failure   Level  Hunger
a - Magic Dart            Conj           ####         1%          1    None
b - Blink                 Tloc           N/A          10%         2    None
c - Repel Missiles        Chrm/Air       ###...       6%          2    None
d - Conjure Flame         Conj/Fire      #####...     3%          3    ##.....
e - Mephitic Cloud        Conj/Pois/Air  #####...     3%          3    ##.....


Dungeon Overview and Level Annotations

Branches:
Dungeon (6/15)             Temple (1/1) D:4

Altars:
Ashenzari
Gozag
Kikubaaqudgha
Makhleb
Nemelex Xobeh
Okawaru
Qazlal
Ru
Trog
Vehumet
Xom
Yredelemnul
Zin
The Shining One

Shops:
D:2 *

Annotations:
D:6 Crag's ghost, amateur HOFi


Innate Abilities, Weirdness & Mutations

You cannot wear boots.
Your serpentine skin is tough (AC +3).
You have supernaturally acute eyesight.
Armour fits poorly on your strangely shaped body.
Your system is resistant to poisons.
You cover ground very slowly.
You have a slow metabolism.
You can spit poison.
You are partially covered in icy blue scales (AC +1).
You are dopey. (Int -2)
You are frail (-10% HP).
You are resistant to electric shocks.
You expend magic power (3 MP) to strengthen your wands.


Message History

Crag's ghost hits you.
* * * LOW HITPOINT WARNING * * *
Casting: Magic Dart
Confirm with . or Enter, or press ? or * to list all spells.
Aiming: Magic Dart
Press: ? - help, Shift-Dir - straight line, f/p - Crag's ghost
Aim: Crag's ghost (almost destroyed)
You feel a surge of power!
The magic dart hits Crag's ghost.
Crag's ghost is almost destroyed.
Crag's ghost closely misses you.
Casting: Magic Dart
Confirm with . or Enter, or press ? or * to list all spells.
Aiming: Magic Dart
Press: ? - help, Shift-Dir - straight line, f/p - Crag's ghost
Aim: Crag's ghost (almost destroyed)
You feel a surge of power!
The magic dart hits Crag's ghost.
Crag's ghost is almost destroyed.
Crag's ghost says, "I'll split you in two!"
Crag's ghost hits you!
You die...

..## W ...# #. ...##... .# #.
...##...#.# #. ...##...#.#
####### #.
...##...#.##########........####.
...##...........@W...............
l...##........####........5%.....
§§#.##........# #.####.########.
§.#.5#........# #.####.###### #.
..##.####.##..# #.#.W§......###.
.. #†# #.###.# #.#.##....[.....
.. #.# #.###'####.#.##......W...
.. #.## #...#_#.........####.###.
## #..###.### ####...............


You could see Crag's ghost.

Vanquished Creatures
  Duvessa (D:4)
  3 sky beasts
  A phantom (D:5)
  3 ogres
  Dowan (D:4)
  A scorpion (D:4)
  A wight (D:6)
  A howler monkey (D:3)
  A jelly (D:5)
  3 crimson imps
  Crazy Yiuf (D:2)
  A gnoll shaman (D:5)
  3 orc priests
  A giant frog skeleton (D:5)
  2 hounds
  A centaur skeleton (D:5)
  Ijyb (D:2)
  Natasha (thrice) (D:4)
  An iguana (D:6)
  2 orc wizards (D:6)
  3 worker ants
  A killer bee zombie (D:5)
  A worker ant zombie (D:5)
  8 gnolls
  11 adders
  2 shadow imps (D:5)
  An ooze (D:4)
  A worm (D:3)
  3 giant geckos
  12 orcs
  8 bats
  7 giant cockroaches
  11 goblins
  9 hobgoblins
  9 jackals
  4 quokkas
  4 ball pythons
  8 giant newts
  9 kobolds
  A quokka skeleton (D:5)
  9 rats
  A toadstool (D:1)
155 creatures vanquished.

Vanquished Creatures (others)
  A plant (Sewer)
  3 toadstools (D:1)
4 creatures vanquished.

Grand Total: 159 creatures vanquished

Notes
Turn   | Place    | Note
--------------------------------------------------------------
     0 | D:1      | BabyRage the Naga Wizard began the quest for the Orb.
     0 | D:1      | Reached XP level 1. HP: 15/15 MP: 4/4
   159 | D:1      | Reached XP level 2. HP: 22/22 MP: 1/6
   209 | D:1      | Learned a level 2 spell: Blink
   212 | D:1      | Learned a level 2 spell: Repel Missiles
   731 | D:2      | Found a glowing silver altar of Zin.
   785 | D:2      | Reached XP level 3. HP: 28/28 MP: 2/7
   839 | D:2      | Learned a level 3 spell: Conjure Flame
  1102 | D:2      | Noticed Ijyb
  1138 | D:2      | Killed Ijyb
  1138 | D:2      | Reached XP level 4. HP: 16/36 MP: 1/9
  1334 | D:2      | Found a stormy altar of Qazlal.
  1408 | D:2      | Noticed Crazy Yiuf
  1423 | D:2      | Killed Crazy Yiuf
  1564 | D:2      | Found Gozag's Platinum Reserve.
  1595 | D:2      | Reached XP level 5. HP: 42/42 MP: 5/10
  1638 | D:2      | Learned a level 3 spell: Mephitic Cloud
  1831 | D:2      | Found an opulent altar of Gozag.
  2057 | D:2      | Gained mutation: You are dopey. (Int -2) [potion of mutation]
  2057 | D:2      | Gained mutation: You are frail (-10% HP). [potion of mutation]
  2058 | D:2      | Gained mutation: You are partially covered in icy blue scales (AC +1). [potion of mutation]
  2058 | D:2      | Gained mutation: You are resistant to electric shocks. [potion of mutation]
  2058 | D:2      | Gained mutation: You expend magic power (3 MP) to strengthen your wands. [potion of mutation]
  2260 | D:3      | Found a glowing drain.
  2289 | Sewer    | Entered a sewer
  3382 | D:3      | Found a burning altar of Makhleb.
  3386 | D:3      | Reached XP level 6. HP: 44/44 MP: 7/12
  3468 | D:3      | Found an iron altar of Okawaru.
  3476 | D:3      | Reached skill level 5 in Conjurations
  4020 | D:4      | HP: 1/44 [scorpion (7)]
  4025 | D:4      | Reached skill level 1 in Poison Magic
  4361 | D:4      | Noticed Natasha
  4368 | D:4      | Killed Natasha
  4368 | D:4      | Reached skill level 1 in Air Magic
  4416 | D:4      | Found a staircase to the Ecumenical Temple.
  4422 | Temple   | Entered the Ecumenical Temple
  4608 | Temple   | Became a worshipper of Ashenzari the Shackled
  4654 | D:4      | Found a sacrificial altar of Ru.
  4730 | D:4      | Noticed Duvessa
  4730 | D:4      | Noticed Dowan
  4991 | D:4      | Killed Duvessa
  4991 | D:4      | Reached XP level 7. HP: 49/49 MP: 2/14
  4996 | D:4      | Killed Dowan
  5239 | D:4      | Noticed Natasha
  5243 | D:4      | Killed Natasha
  5243 | D:4      | Reached skill level 5 in Spellcasting
  5295 | D:4      | Reached skill level 1 in Fire Magic
  5606 | D:5      | Entered Level 5 of the Dungeon
  5835 | D:5      | Reached XP level 8. HP: 51/55 MP: 8/15
  5895 | D:4      | Noticed Natasha
  5901 | D:4      | Killed Natasha
  6619 | D:5      | Reached skill level 5 in Poison Magic
  6836 | D:5      | Reached skill level 1 in Fighting
  7797 | D:5      | Reached skill level 5 in Air Magic
  7882 | D:5      | Reached XP level 9. HP: 64/66 MP: 11/16
  8286 | D:6      | Noticed an unseen horror
  8611 | D:6      | Noticed Crag's ghost (amateur HOFi)
  8710 | D:6      | Found a basalt altar of Yredelemnul.
  8853 | D:6      | Reached skill level 5 in Fire Magic
  8975 | D:6      | Mangled by Crag's ghost

Skill      XL: |  1  2  3  4  5  6  7  8  9 |
---------------+----------------------------+-----
Conjurations   | 2 3 4 5 |  5.2
Spellcasting   | 4 5 |  5.0
Poison Magic   | 2 4 5 |  5.2
Air Magic      | 1 3 5 |  5.0
Fire Magic     | 1 4 5 |  5.0
Fighting       | 2 3 |  3.5
Dodging        | |  1.5
Stealth        | |  3.0
Summonings     | |  1.0
Translocations | |  1.0

Action                   |  1- 3 |  4- 6 |  7- 9 || total
-------------------------+-------+-------+-------++-------
Melee: Unarmed           |    14 |    11 |       ||    25
       Staff             |       |       |    30 ||    30
 Cast: Magic Dart        |    58 |   183 |   287 ||   528
       Repel Missiles    |     1 |       |       ||     1
       Conjure Flame     |       |     2 |    11 ||    13
       Mephitic Cloud    |       |     5 |    16 ||    21
       Blink             |       |       |     3 ||     3
Invok: Curse Item        |       |     1 |     1 ||     2
 Abil: Spit Poison       |    14 |    22 |    30 ||    66
  Use: Scroll            |     3 |     6 |     5 ||    14
       Potion            |       |     5 |     1 ||     6
  Eat: Chunk             |       |    11 |     6 ||    17
       Fruit             |       |     1 |     1 ||     2
       Bread ration      |       |       |     2 ||     2
Armor: Robe              |     8 |    35 |    52 ||    95
Dodge: Dodged            |    15 |    48 |    82 ||   145
       Deflected         |       |     1 |       ||     1
